3AAA
VERMONT LAKE MONSTERS @ BRINKLEY BELUGAS
07/19/2020
 
TOP OF THE 1ST
Vermont Lake Monsters batting - Pitching for Brinkley Belugas : RHP José Cabrera
Pitching: RHP José Cabrera
Batting: LHB Dave Burns 0-0: Ball
1-0: Swinging Strike
1-1: Ball
2-1: Swinging Strike
2-2: Strikes out swinging
Batting: RHB Dale Carney 0-0: Ball
1-0: Ball
2-0: Ball
3-0: Called Strike
3-1: Called Strike
3-2: Foul Ball, location: 2F
3-2: Fly out, F7 (Flyball, 78M)
Batting: RHB Ray John 0-0: Foul Ball, location: 2F
0-1: SINGLE (Groundball, 6M)
Batting: LHB Juan Durán 0-0: Ball
1-0: Ball
2-0: Called Strike
2-1: Foul Ball, location: 2F
2-2: Foul Ball, location: 2F
2-2: Ball
3-2: Fly out, F8 (Flyball, 89M)
Top of the 1st over - 0 run(s), 1 hit(s), 0 error(s), 1 left on base; Vermont 0 - Brinkley 0
BOTTOM OF THE 1ST
Brinkley Belugas batting - Pitching for Vermont Lake Monsters : RHP Pablo De La Torre
Pitching: RHP Pablo De La Torre
Batting: LHB Arturo Hernández 0-0: Called Strike
0-1: Ball
1-1: Foul Ball, location: 2F
1-2: Ball
2-2: TRIPLE (Line Drive, 3L)
Batting: RHB Shawn Hicks 0-0: Fly out, F5 (Line Drive, 56)
Batting: LHB Roger Shaffer 0-0: Called Strike
0-1: Ball
1-1: Ball
2-1: Swinging Strike
2-2: Fly out, F8 (Flyball, 8RS)
Runner from 3rd tags up, OUT at HOME
Bottom of the 1st over - 0 run(s), 1 hit(s), 0 error(s), 0 left on base; Vermont 0 - Brinkley 0
TOP OF THE 2ND
Vermont Lake Monsters batting - Pitching for Brinkley Belugas : RHP José Cabrera
Batting: LHB Tim Hill 0-0: Called Strike
0-1: Ball
1-1: Called Strike
1-2: Ground out 6-3 (Groundball, 6)
Batting: RHB Wilbur Harris 0-0: Ball
1-0: Foul Ball, location: 2F
1-1: Foul Ball, location: 2F
1-2: Strikes out swinging
Batting: RHB Carlos Santos 0-0: Called Strike
0-1: Ball
1-1: Ball
2-1: Fly out, F1 (Line Drive, 13)
Top of the 2nd over - 0 run(s), 0 hit(s), 0 error(s), 0 left on base; Vermont 0 - Brinkley 0
BOTTOM OF THE 2ND
Brinkley Belugas batting - Pitching for Vermont Lake Monsters : RHP Pablo De La Torre
Batting: LHB Theodore Shaw 0-0: Ball
1-0: Ball
2-0: Ball
3-0: Base on Balls
Batting: RHB Barry Dempsey 0-0: Swinging Strike
0-1: Called Strike
0-2: Ball
1-2: Foul Ball, location: 2F
1-2: Ball
2-2: Grounds into double play, 5-4-3 (Groundball, 56)
Batting: RHB Roberto Ramírez 0-0: Ball
1-0: Foul Ball, location: 2F
1-1: Ball
2-1: Swinging Strike
2-2: Strikes out looking
Bottom of the 2nd over - 0 run(s), 0 hit(s), 0 error(s), 0 left on base; Vermont 0 - Brinkley 0
TOP OF THE 3RD
Vermont Lake Monsters batting - Pitching for Brinkley Belugas : RHP José Cabrera
Batting: RHB John Howell 0-0: Called Strike
0-1: Ball
1-1: Called Strike
1-2: Fly out, F7 (Flyball, 78M)
Batting: RHB Ramiro Rico 0-0: Ball
1-0: Called Strike
1-1: Ball
2-1: Swinging Strike
2-2: Strikes out swinging
Batting: LHB Dave Burns 0-0: Ball
1-0: Fly out, F7 (Flyball, 7LS)
Top of the 3rd over - 0 run(s), 0 hit(s), 0 error(s), 0 left on base; Vermont 0 - Brinkley 0
BOTTOM OF THE 3RD
Brinkley Belugas batting - Pitching for Vermont Lake Monsters : RHP Pablo De La Torre
Batting: LHB Horace Ritchie 0-0: Ball
1-0: Ball
2-0: SINGLE (Groundball, 5D)
Batting: RHB Tomás Gonzáles 0-0: Called Strike
0-1: Swinging Strike
0-2: Ball
1-2: Foul Ball, location: 2F
1-2: Ball
2-2: Foul Ball, location: 2F
2-2: Ball
3-2: Base on Balls
Horace Ritchie to second
Batting: RHB Manny Carbajal 0-0: Ball
1-0: Ball
2-0: Called Strike
2-1: Ball
3-1: Called Strike
3-2: Base on Balls
Horace Ritchie to third
Tomás Gonzáles to second
Batting: LHB Arturo Hernández 0-0: Swinging Strike
0-1: Ball
1-1: Ball
2-1: Foul Ball, location: 2F
2-2: Ball
3-2: Fly out, F3 (Popup, 3F)
Batting: RHB Shawn Hicks 0-0: Foul Ball, location: 2F
0-1: Foul Ball, location: 2F
0-2: Ball
1-2: Foul Ball, location: 2F
1-2: Strikes out looking
Batting: LHB Roger Shaffer 0-0: Foul Ball, location: 2F
0-1: Ball
1-1: Swinging Strike
1-2: Strikes out swinging
Bottom of the 3rd over - 0 run(s), 1 hit(s), 0 error(s), 3 left on base; Vermont 0 - Brinkley 0
TOP OF THE 4TH
Vermont Lake Monsters batting - Pitching for Brinkley Belugas : RHP José Cabrera
Batting: RHB Dale Carney 0-0: Ball
1-0: Called Strike
1-1: Swinging Strike
1-2: Ball
2-2: SINGLE (Line Drive, 4M)
Batting: RHB Ray John 0-0: Ball
1-0: Swinging Strike
1-1: Foul Ball, location: 2F
1-2: Hit by Pitch
Dale Carney to second
Batting: LHB Juan Durán 0-0: SINGLE (Line Drive, 9LS)
Dale Carney to third
Ray John to second
Runner from 3rd tries for Home, throw and OUT!
Ray John to third
Juan Durán to second
Batting: LHB Tim Hill 0-0: Ball
1-0: Foul Ball, location: 2F
1-1: Swinging Strike
1-2: Foul Ball, location: 2F
1-2: Ball
2-2: Foul Ball, location: 2F
2-2: Ball
3-2: Ground out 5-3 (Groundball, 56)
Ray John scores
Batting: RHB Wilbur Harris 0-0: Ball
1-0: Ground out 6-3 (Groundball, 6)
Top of the 4th over - 1 run(s), 2 hit(s), 0 error(s), 1 left on base; Vermont 1 - Brinkley 0
BOTTOM OF THE 4TH
Brinkley Belugas batting - Pitching for Vermont Lake Monsters : RHP Pablo De La Torre
Batting: LHB Theodore Shaw 0-0: SOLO HOME RUN (Flyball, 78XD), Distance : 413 ft
Batting: RHB Barry Dempsey 0-0: Swinging Strike
0-1: SOLO HOME RUN (Flyball, 7LD), Distance : 365 ft
Batting: RHB Roberto Ramírez 0-0: Fly out, F2 (Popup, 2RF)
Batting: LHB Horace Ritchie 0-0: Ball
1-0: Ground out 6-3 (Groundball, 6)
Batting: RHB Tomás Gonzáles 0-0: Ball
1-0: Ball
2-0: Foul Ball, location: 2F
2-1: Swinging Strike
2-2: Ground out 5-3 (Groundball, 56)
Bottom of the 4th over - 2 run(s), 2 hit(s), 0 error(s), 0 left on base; Vermont 1 - Brinkley 2
TOP OF THE 5TH
Vermont Lake Monsters batting - Pitching for Brinkley Belugas : RHP José Cabrera
Batting: RHB Carlos Santos 0-0: Ball
1-0: Foul Ball, location: 2F
1-1: Fly out, F7 (Flyball, 78M)
Batting: RHB John Howell 0-0: SINGLE (Groundball, 56D)
Batting: RHB Ramiro Rico 0-0: Ball
John Howell steals 2nd base
1-0: Foul Ball, location: 2F
1-1: Called Strike
1-2: Ball
2-2: SINGLE (Groundball, 4M)
John Howell to third
Runner from 3rd tries for Home, SAFE, no throw or cutoff
Batting: LHB Dave Burns 0-0: Foul Ball, location: 2F
0-1: SINGLE (Line Drive, 56)
Ramiro Rico to second
Batting: RHB Dale Carney 0-0: Fly out, F8 (Flyball, 8LD)
Runner from 2nd tags up, SAFE at 3rd with throw
Batting: RHB Ray John 0-0: Foul Ball, location: 2F
0-1: Swinging Strike
0-2: Strikes out looking
Top of the 5th over - 1 run(s), 3 hit(s), 0 error(s), 2 left on base; Vermont 2 - Brinkley 2
BOTTOM OF THE 5TH
Brinkley Belugas batting - Pitching for Vermont Lake Monsters : RHP Pablo De La Torre
Batting: RHB Manny Carbajal 0-0: Ball
1-0: Ball
2-0: Called Strike
2-1: Ground out 6-3 (Groundball, 6)
Batting: LHB Arturo Hernández 0-0: Ball
1-0: Called Strike
1-1: Ball
2-1: Foul Ball, location: 2F
2-2: Foul Ball, location: 2F
2-2: Foul Ball, location: 2F
2-2: Ball
3-2: Strikes out swinging
Batting: RHB Shawn Hicks 0-0: Called Strike
0-1: Ground out 6-3 (Groundball, 6)
Bottom of the 5th over - 0 run(s), 0 hit(s), 0 error(s), 0 left on base; Vermont 2 - Brinkley 2
TOP OF THE 6TH
Vermont Lake Monsters batting - Pitching for Brinkley Belugas : RHP José Cabrera
Batting: LHB Juan Durán 0-0: Foul Ball, location: 2F
0-1: Ball
1-1: Called Strike
1-2: Ball
2-2: Strikes out looking
Batting: LHB Tim Hill 0-0: Ball
1-0: Ball
2-0: Ball
3-0: Called Strike
3-1: Base on Balls
Batting: RHB Wilbur Harris 0-0: Foul Ball, location: 2F
0-1: Called Strike
0-2: Strikes out swinging
Batting: RHB Carlos Santos 0-0: Swinging Strike
0-1: Called Strike
0-2: Ball
1-2: Foul Ball, location: 2F
1-2: Hit by Pitch
Tim Hill to second
Batting: RHB John Howell 0-0: Ball
1-0: Foul Ball, location: 2F
1-1: Ball
2-1: Ball
3-1: Swinging Strike
3-2: Ground out 5-3 (Groundball, 56S)
Top of the 6th over - 0 run(s), 0 hit(s), 0 error(s), 2 left on base; Vermont 2 - Brinkley 2
BOTTOM OF THE 6TH
Brinkley Belugas batting - Pitching for Vermont Lake Monsters : RHP Pablo De La Torre
Batting: LHB Roger Shaffer 0-0: Called Strike
0-1: Ground out 6-3 (Groundball, 4M)
Batting: LHB Theodore Shaw 0-0: Fly out, F8 (Line Drive, 8LS)
Batting: RHB Barry Dempsey 0-0: Foul Ball, location: 2F
0-1: Ball
1-1: Swinging Strike
1-2: Ball
2-2: Ball
3-2: Fly out, F8 (Flyball, 8RM)
Bottom of the 6th over - 0 run(s), 0 hit(s), 0 error(s), 0 left on base; Vermont 2 - Brinkley 2
TOP OF THE 7TH
Vermont Lake Monsters batting - Pitching for Brinkley Belugas : RHP José Cabrera
Batting: RHB Ramiro Rico 0-0: Ground out 1-3 (Groundball, 13)
Batting: LHB Dave Burns 0-0: Called Strike
0-1: Ball
1-1: Fly out, F7 (Popup, 6D)
Batting: RHB Dale Carney 0-0: Ball
1-0: Ball
2-0: Ball
3-0: Fly out, F9 (Flyball, 9M)
Top of the 7th over - 0 run(s), 0 hit(s), 0 error(s), 0 left on base; Vermont 2 - Brinkley 2
BOTTOM OF THE 7TH
Brinkley Belugas batting - Pitching for Vermont Lake Monsters : RHP Pablo De La Torre
Batting: RHB Roberto Ramírez 0-0: Called Strike
0-1: Foul Ball, location: 2F
0-2: Foul Ball, location: 2F
0-2: Ball
1-2: Ball
2-2: Fly out, F9 (Popup, 4D)
Batting: LHB Horace Ritchie 0-0: Called Strike
0-1: Ball
1-1: Ball
2-1: Ball
3-1: Called Strike
3-2: Base on Balls
Pitching: RHP Alexander Allen
Batting: RHB Tomás Gonzáles 0-0: Ball
1-0: Ball
2-0: Ball
3-0: Called Strike
3-1: Called Strike
3-2: SINGLE (Groundball, 4)
Horace Ritchie to second
Horace Ritchie to third
Pinch Hitting: LHB Phil Ritchie 0-0: Ball
1-0: Fly out, F4 (Popup, 4D)
Batting: LHB Arturo Hernández 0-0: Foul Ball, location: 2F
0-1: Ball
1-1: Called Strike
1-2: Fly out, F4 (Popup, 34)
Bottom of the 7th over - 0 run(s), 1 hit(s), 0 error(s), 2 left on base; Vermont 2 - Brinkley 2
TOP OF THE 8TH
Vermont Lake Monsters batting - Pitching for Brinkley Belugas : RHP José Cabrera
Now in CF: Phil Ritchie
Batting: RHB Ray John 0-0: Called Strike
0-1: Ball
1-1: Ball
2-1: Swinging Strike
2-2: Ground out U3 (Groundball, 3)
Batting: LHB Juan Durán 0-0: Ball
1-0: Foul Ball, location: 2F
1-1: Ball
2-1: Fly out, F4 (Line Drive, 4)
Batting: LHB Tim Hill 0-0: Ball
1-0: Called Strike
1-1: Called Strike
1-2: Ball
2-2: Ball
3-2: Foul Ball, location: 2F
3-2: Base on Balls
Pitching: LHP Jim Unknown
Batting: RHB Wilbur Harris 0-0: Ball
1-0: Ball
2-0: Foul Ball, location: 2F
2-1: Ground out 1-3 (Groundball, 13)
Top of the 8th over - 0 run(s), 0 hit(s), 0 error(s), 1 left on base; Vermont 2 - Brinkley 2
BOTTOM OF THE 8TH
Brinkley Belugas batting - Pitching for Vermont Lake Monsters : RHP Alexander Allen
Pinch Hitting: LHB Arturo Acosta 0-0: Ground out 4-3 (Groundball, 4)
Batting: LHB Roger Shaffer 0-0: Ball
1-0: Ball
2-0: Fly out, F7 (Flyball, 78D)
Batting: LHB Theodore Shaw 0-0: Ball
1-0: Called Strike
1-1: Ball
2-1: Ball
3-1: Fly out, F7 (Flyball, 7M)
Bottom of the 8th over - 0 run(s), 0 hit(s), 0 error(s), 0 left on base; Vermont 2 - Brinkley 2
TOP OF THE 9TH
Vermont Lake Monsters batting - Pitching for Brinkley Belugas : LHP Jim Unknown
Pitching: RHP Jim Unknown
Now at SS: Jorge Torrez
Batting: RHB Carlos Santos 0-0: Called Strike
0-1: Ball
1-1: Swinging Strike
1-2: Foul Ball, location: 2F
1-2: Foul Ball, location: 2F
1-2: Strikes out looking
Pinch Hitting: RHB Bill McCarty 0-0: Ground out 4-3 (Groundball, 4)
Batting: RHB Ramiro Rico 0-0: Called Strike
0-1: Called Strike
0-2: Ball
1-2: Foul Ball, location: 2F
1-2: Strikes out swinging
Top of the 9th over - 0 run(s), 0 hit(s), 0 error(s), 0 left on base; Vermont 2 - Brinkley 2
BOTTOM OF THE 9TH
Brinkley Belugas batting - Pitching for Vermont Lake Monsters : RHP Alexander Allen
Pitching: RHP Miguel Castillo
Now in LF: Bill McCarty
Batting: RHB Barry Dempsey 0-0: Ball
1-0: Ball
2-0: Called Strike
2-1: Ball
3-1: SINGLE (Line Drive, 8LS)
Batting: RHB Roberto Ramírez 0-0: Ball
1-0: Ball
2-0: Foul Ball, location: 2F
2-1: Sac Bunt - play at second, runner OUT! 3-6
Batting: LHB Horace Ritchie 0-0: Foul Ball, location: 2F
0-1: Foul Ball, location: 2F
0-2: Ball
1-2: Grounds into double play, 6-4-3 (Groundball, 6)
Bottom of the 9th over - 0 run(s), 1 hit(s), 0 error(s), 0 left on base; Vermont 2 - Brinkley 2
TOP OF THE 10TH
Vermont Lake Monsters batting - Pitching for Brinkley Belugas : RHP Jim Unknown
Batting: LHB Dave Burns 0-0: Ball
1-0: Swinging Strike
1-1: Foul Ball, location: 2F
1-2: Ball
2-2: Foul Ball, location: 2F
2-2: Foul Ball, location: 2F
2-2: Fly out, F8 (Flyball, 8RXD)
Batting: RHB Dale Carney 0-0: Ball
1-0: Ball
2-0: Ball
3-0: Foul Ball, location: 2F
3-1: DOUBLE (Flyball, 89D)
Batting: RHB Ray John 0-0: SINGLE (Flyball, 6MD)
Dale Carney to third
Batting: LHB Juan Durán 0-0: Called Strike
0-1: Ball
1-1: Foul Ball, location: 2F
1-2: Ball
2-2: Ground out U3 (Groundball, 3L)
Ray John to second
Batting: LHB Tim Hill 0-0: Ball
1-0: Foul Ball, location: 2F
1-1: Ball
2-1: Called Strike
2-2: Ball
3-2: Foul Ball, location: 2F
3-2: Base on Balls
Batting: RHB Wilbur Harris 0-0: Ball
1-0: Ball
2-0: Called Strike
2-1: SINGLE (Groundball, 4MD)
Dale Carney scores
Ray John to third
Tim Hill to second
Batting: RHB Carlos Santos 0-0: Called Strike
0-1: Fly out, F7 (Flyball, 78XD)
Top of the 10th over - 1 run(s), 3 hit(s), 0 error(s), 3 left on base; Vermont 3 - Brinkley 2
BOTTOM OF THE 10TH
Brinkley Belugas batting - Pitching for Vermont Lake Monsters : RHP Miguel Castillo
Batting: RHB Tomás Gonzáles 0-0: Ball
1-0: Ball
2-0: Ball
3-0: Called Strike
3-1: Foul Ball, location: 2F
3-2: Strikes out looking
Batting: LHB Phil Ritchie 0-0: Ball
1-0: Called Strike
1-1: Ball
2-1: Foul Ball, location: 2F
2-2: Reached on error, E5 (Groundball, 5S)
Batting: LHB Arturo Hernández 0-0: SINGLE (Groundball, 34D)
Phil Ritchie to third
Runner from 3rd tries for Home, SAFE, no throw or cutoff
Batting: RHB Jorge Torrez 0-0: Ball
1-0: Called Strike
1-1: Ball
2-1: Fielders Choice at 2nd, 6-4 (Groundball, 6)
Batting: LHB Roger Shaffer 0-0: Swinging Strike
0-1: Ball
1-1: Called Strike
1-2: Ball
Jorge Torrez steals 2nd base
2-2: Ball
3-2: Ground out 4-3 (Groundball, 34)
Bottom of the 10th over - 1 run(s), 1 hit(s), 1 error(s), 1 left on base; Vermont 3 - Brinkley 3
TOP OF THE 11TH
Vermont Lake Monsters batting - Pitching for Brinkley Belugas : RHP Jim Unknown
Pitching: RHP Gary Jones
Batting: RHB Bill McCarty 0-0: Ball
1-0: Called Strike
1-1: Swinging Strike
1-2: Reached on error, E5 (Groundball, 6)
Batting: RHB Ramiro Rico 0-0: Foul Ball, location: 2F
0-1: Sac Bunt - play at first, batter OUT! 3-4
Bill McCarty to third
Batting: LHB Dave Burns 0-0: Ball
1-0: Ball
2-0: Foul Ball, location: 2F
2-1: Ball
3-1: Base on Balls
Batting: RHB Dale Carney 0-0: Ball
1-0: Ball
2-0: Fly out, F7 (Flyball, 78M)
Runner from 3rd tags up, SCORES, throw made
Batting: RHB Ray John 0-0: Called Strike
0-1: Ball
Dave Burns is caught stealing 2nd base
Top of the 11th over - 1 run(s), 0 hit(s), 1 error(s), 0 left on base; Vermont 4 - Brinkley 3
BOTTOM OF THE 11TH
Brinkley Belugas batting - Pitching for Vermont Lake Monsters : RHP Miguel Castillo
Pitching: RHP Jorge Ayala
Batting: LHB Theodore Shaw 0-0: Swinging Strike
0-1: Ball
1-1: Foul Ball, location: 2F
1-2: Ball
2-2: Ball
3-2: SINGLE (Line Drive, 8RS)
Batting: RHB Barry Dempsey 0-0: Called Strike
0-1: Ball
1-1: SINGLE (Groundball, 6D)
Theodore Shaw to second
Pinch Runner at 2nd Gonzalo Núñez:
Batting: RHB Roberto Ramírez 0-0: Ball
1-0: Foul Ball, location: 2F
1-1: Foul Ball, location: 2F
1-2: Ground out 5-3 (Groundball, 5S)
Gonzalo Núñez to third
Barry Dempsey to second
Batting: LHB Horace Ritchie 0-0: Ball
1-0: Ball
2-0: Foul Ball, location: 2F
2-1: Foul Ball, location: 2F
2-2: Ground out 4-3 (Groundball, 34)
Batting: RHB Tomás Gonzáles 0-0: Ball
1-0: Ball
2-0: Ball
3-0: Called Strike
3-1: Called Strike
3-2: Foul Ball, location: 2F
3-2: SINGLE (Groundball, 6MD)
Gonzalo Núñez scores
Barry Dempsey to third
Barry Dempsey scores
This league is powered by Out of the Park Baseball, the baseball management simulation game for PC, Mac and Linux
Friday, October 23rd, 2015 - OOTP Baseball 16.9 Build 39